 Dungeon Crawl Stone Soup version 0.28.0-53-g5a82cb258f (webtiles) character file.

Game seed: 3770913661513924520

107 cheechan the Chiller (level 4, 0/27 HPs)
             Began as an Octopode Ice Elementalist on June 9, 2022.
             Slain by a goblin
             ... wielding a +0 dagger
             ... led by Robin
              (6 damage)
             ... on level 2 of the Dungeon.
             The game lasted 00:05:07 (1521 turns).

cheechan the Chiller (Octopode Ice Elementalist)    Turns: 1521, Time: 00:05:09

Health: 0/27       AC:  1    Str:  7    XL:     4   Next: 85%
Magic:  2/8        EV: 13    Int: 17    God:
Gold:   45         SH:  0    Dex: 14    Spells: 1/8 levels left

rFire   . . .      SeeInvis .   c - +0 dagger (drain)
rCold   . . .      Faith    .   (no shield)
rNeg    . . .      Spirit   .   (helmet restricted)
rPois   .          Reflect  .   (no amulet)
rElec   .          Harm     .   (no ring)
rCorr   .          Rampage  .   (no ring)
Will    .....                   (no ring)
Stlth   ++++......              (no ring)
HPRegen 0.09/turn               (no ring)
MPRegen 0.11/turn               (no ring)
                                (no ring)
                                (no ring)

@: freezing walls, very slightly contaminated
A: almost no armour, amphibious, 8 rings, camouflage 1, gelatinous body 1,
(nimble swimmer 1), tentacles
a: no special abilities


You were on level 2 of the Dungeon.
You visited 1 branch of the dungeon, and saw 2 of its levels.

You collected 45 gold pieces.

Inventory:

Hand Weapons
 c - a +0 dagger of draining (weapon)
Missiles
 a - 3 poisoned darts (quivered)
 f - 23 stones
Potions
 b - 2 potions of brilliance {unknown}
 d - a potion of flight {unknown}
 e - a potion of heal wounds {unknown}


   Skills:
 + Level 0.2 Short Blades
 + Level 2.1 Dodging
 + Level 4.0 Stealth
 + Level 2.8 Spellcasting
 + Level 5.0 Ice Magic


You had one spell level left.
You knew the following spells:

 Your Spells              Type           Power      Damage    Failure   Level
a - Freeze                Ice            76%        1d9       2%          1
b - Frozen Ramparts       Ice            38%        1d5       7%          3
c - Ozocubu's Armour      Ice            19%        N/A       7%          3

Your spell library contained the following spells:

 Spells                   Type           Power      Damage    Failure   Level
 Hailstorm                Conj/Ice       10%        3d5       54%         4


Dungeon Overview and Level Annotations

Branches:
Dungeon (2/15)

Altars:

Annotations:
D:2 Robin


Innate Abilities, Weirdness & Mutations

You cannot wear most types of armour.
You are amphibious.
You can wear up to eight rings at the same time.
Your skin changes colour to match your surroundings (Stealth+).
Your rubbery body absorbs attacks. (AC +1, EV +1)
((You are camouflaged when in or above water. (Stealth+)))
You have tentacles for arms and can constrict up to eight enemies at once.


Message History

The wall freezes the hound.
The hound bites you.
The wall freezes the hobgoblin.
The wall freezes the hound.
The hound bites you.
* * * LOW HITPOINT WARNING * * *
You closely miss the hound.
The adder hisses angrily.
You grab the hound.
The hound is almost dead.
You constrict the hound, but do no damage.
The wall freezes the hobgoblin.
You kill the hobgoblin!
The wall freezes the hobgoblin.
The wall freezes the hound but does no damage.
The hound closely misses you.
You hit the hound but do no damage. Your squeeze misses the hound.
The hound is almost dead.
You constrict the hound.
You kill the hound!
The wall freezes the hobgoblin.
You kill the hobgoblin!
The wall freezes the goblin.
The wall freezes the hobgoblin.
Your Stealth skill increases to level 4!
You hit the goblin but do no damage. Your grab misses the goblin.
The goblin is heavily wounded.
The wall freezes the goblin. x2
You kill the goblin!
The wall freezes the hobgoblin.
You kill the hobgoblin!
Robin throws the goblin at you!
* * * LOW HITPOINT WARNING * * *
The goblin hits you with a +0 dagger.
* * * LOW HITPOINT WARNING * * *
Your Ice Magic skill increases to level 5!
You hit the goblin. You grab the goblin.
The goblin is moderately wounded.
You constrict the goblin.
The wall freezes the goblin.
You kill the goblin!
A goblin comes into view. It is wielding a +0 dagger.
The goblin hits you with a +0 dagger.
You die...

#........>.................
######......##.........g...
##....................
#...#........g.......
##...#.....#g.........
#..........#.....g....
#..........#..........
#..........#Sg........
#.........@)).........
#........g.#†.#######.
#..........#......#
#.................#
#.....###)##......#
##############.##..######
#........................
######.#########...##....
#.# #8...8# #


You could see Robin, an adder and 2 goblins.

Vanquished Creatures
  A hound (D:2)
  Terence (D:2)
  2 adders (D:2)
  A dart slug (D:2)
  2 endoplasms
  2 giant cockroaches (D:1)
  7 goblins
  6 hobgoblins
  3 kobolds
  A quokka (D:2)
  A ball python (D:1)
  2 bats
  A frilled lizard (D:1)
  A rat (D:2)
31 creatures vanquished.

Notes
Turn   | Place    | Note
-------+----------+-------------------------------------------
     0 | D:1      | cheechan the Octopode Ice Elementalist began the quest for
                  | the Orb.
     0 | D:1      | Reached XP level 1. HP: 11/11 MP: 3/3
   357 | D:1      | Reached XP level 2. HP: 17/17 MP: 5/5
   900 | D:2      | Reached XP level 3. HP: 15/21 MP: 2/6
  1189 | D:2      | Learned a level 3 spell: Frozen Ramparts
  1193 | D:2      | Learned a level 3 spell: Ozocubu's Armour
  1217 | D:2      | Noticed Terence
  1223 | D:2      | Killed Terence
  1224 | D:2      | Reached XP level 4. HP: 23/27 MP: 0/7
  1504 | D:2      | Noticed Robin
  1521 | D:2      | Reached skill level 5 in Ice Magic
  1521 | D:2      | Slain by a goblin

Illustrated notes

Levels and vault maps discovered:
D:1:      dpeg_arrival_connections, layout_loops_corners
D:2:      layout_basic, serial_shops, nicolae_shop_hallway_plus,
          corexii_hall_statues_t, uniq_terence, uniq_crazy_yiuf_cottage,
          uniq_robin

Skill      XL: |  1  2  3  4 |
---------------+-------------+-----
Stealth        | 3 4 |  4.0
Ice Magic      | 5 |  5.0
Short Blades   | |  0.2
Dodging        | |  2.1
Spellcasting   | |  2.8

Action                   |  1- 3 |  4- 6 || total
-------------------------+-------+-------++-------
Melee: Dagger            |    20 |    11 ||    31
       Constrict         |     6 |     5 ||    11
       Tentacles         |     1 |       ||     1
 Cast: Freeze            |     7 |     1 ||     8
       Frozen Ramparts   |     1 |     2 ||     3
       Ozocubu's Armour  |     1 |       ||     1
  Use: Scroll            |     2 |       ||     2
       Potion            |     1 |       ||     1
 Stab: Sleeping          |     6 |     1 ||     7
Armor: Skin              |       |     2 ||     2
Dodge: Dodged            |     7 |     8 ||    15
